 Dungeon Crawl Stone Soup version 0.30.0-10-gfe55d96785 (webtiles) character file.

Game seed: 18105328998691904122

53 shayaa the Covered (level 3, -1/30 HPs)
             Began as a Barachi Fighter on May 14, 2023.
             Slain by a gnoll
             ... wielding a +0 whip
              (4 damage)
             ... on level 3 of the Dungeon.
             The game lasted 00:03:29 (1265 turns).

shayaa the Covered (Barachi Fighter)                Turns: 1265, Time: 00:03:29

Health: -1/30      AC:  7    Str: 19    XL:     3   Next: 89%
Magic:  3/3        EV:  9    Int:  8    God:
Gold:   105        SH:  4    Dex: 11    Spells: 2/2 levels left

rFire   . . .        a - +0 war axe
rCold   . . .        c - +0 buckler
rNeg    . . .        b - +0 scale mail
rPois   .            (no helmet)
rElec   .            (no cloak)
rCorr   .            (no gloves)
SInv    .            (no boots)
Will    .....        (no amulet) Stlth
                     (no ring)
HPRegen 0.25/turn    (no ring)
MPRegen 0.08/turn

%: no passive effects
@: slow
A: amphibious, slowness 1, strong legs 1, +LOS
a: Hop


You were on level 3 of the Dungeon.
You visited 1 branch of the dungeon, and saw 3 of its levels.

You collected 105 gold pieces.

Inventory:

Hand Weapons
 a - a +0 war axe (weapon)
Armour
 b - a +0 scale mail (worn)
 c - a +0 buckler (worn)
Scrolls
 f - a scroll of blinking {unknown}
 g - a scroll of noise {unknown}
 h - a scroll of fear {unknown}
 n - a scroll of vulnerability {unknown}
Potions
 d - a potion of might
 e - a potion of degeneration {unknown}
 i - a potion of curing {unknown}
 j - a potion of lignification {unknown}
 k - a potion of ambrosia {unknown}
 l - a potion of haste {unknown}
 m - a potion of mutation {unknown}


   Skills:
 + Level 4.1 Fighting
 + Level 3.3 Axes
 + Level 4.2 Armour
 + Level 0.2 Dodging
 + Level 3.5 Shields


You had 2 spell levels left.
You didn't know any spells.
Your spell library contained the following spells:

 Spells                   Type           Power      Damage    Failure   Level
 Inner Flame              Hex/Fire       0%         N/A       99%         3
 Flame Wave               Conj/Fire      0%         2d4       100%        4
 Sticky Flame             Conj/Fire      0%         2d3       100%        4


Dungeon Overview and Level Annotations

Branches:
Dungeon (3/15)

Altars:

Shops:
D:1 :


Innate Abilities, Weirdness & Mutations

You are amphibious.
You cover ground slowly.
You can hop short distances.
You have an extended range of vision and can be seen from far away.


Message History

A hobgoblin comes into view.
The rat completely misses you. The kobold hits you but does no damage.
You see here a +0 falchion.
You closely miss the kobold. You closely miss the rat. The rat bites you.
The kobold hits you but does no damage. The rat barely misses you.
The kobold hits you with a +0 club.
You closely miss the kobold. You closely miss the rat.
The rat bites you but does no damage. The kobold hits you but does no damage.
You closely miss the kobold. You hit the rat.
You kill the rat!
The kobold closely misses you.
A gnoll comes into view. It is wielding a +0 whip.
The kobold hits you with a +0 club.
You barely miss the kobold. You block the kobold's attack.
You slash the kobold!
You kill the kobold!
The hobgoblin hits you.
Things that are here:
a +0 club; a stone; a kobold corpse You closely miss the hobgoblin.
The hobgoblin hits you but does no damage.
The hobgoblin closely misses you.
You closely miss the hobgoblin. The hobgoblin closely misses you.
You closely miss the hobgoblin. You hit the gnoll but do no damage.
The hobgoblin hits you. The gnoll hits you with a +0 whip.
You hit the hobgoblin.
The hobgoblin is lightly wounded.
You barely miss the gnoll. You block the hobgoblin's attack.
The gnoll hits you with a +0 whip! The hobgoblin hits you.
The gnoll hits you with a +0 whip.
* * * LOW HITPOINT WARNING * * *
The hobgoblin hits you.
* * * LOW HITPOINT WARNING * * *
You see here a +0 falchion.
The hobgoblin attacks as you move away! You block the hobgoblin's attack.
You hit the gnoll but do no damage. You hit the hobgoblin.
The hobgoblin hits you.
* * * LOW HITPOINT WARNING * * *
The gnoll hits you with a +0 whip.
You die...

.................#
.....##.....#...###
................<#
#...............#
#...............#
#........#......#
#...........#.###
#....)g..##...<##
#.....g@.#####..#
#...........#
#......#
#...#.#.###.#
###....# #.....#.
### ##### #.... ..
... ### #... #..


You could see a gnoll and a hobgoblin.

Vanquished Creatures
  A worm (D:2)
  4 dart slugs
  5 orcs
  2 endoplasms
  2 giant cockroaches
  A goblin (D:1)
  A hobgoblin (D:3)
  7 kobolds
  4 quokkas
  2 ball pythons
  4 bats (D:2)
  A frilled lizard (D:2)
  4 rats
38 creatures vanquished.

Notes
Turn   | Place    | Note
-------+----------+-------------------------------------------
     0 | D:1      | shayaa the Barachi Fighter began the quest for the Orb.
     0 | D:1      | Reached XP level 1. HP: 18/18 MP: 1/1
    19 | D:1      | Found Cegok's Vocational Training.
   230 | D:1      | Reached XP level 2. HP: 25/25 MP: 2/2
   517 | D:2      | Found a faded altar of an unknown god.
   738 | D:2      | Reached XP level 3. HP: 30/30 MP: 3/3
  1265 | D:3      | Slain by a gnoll

Illustrated notes

Levels and vault maps discovered:
D:1:      amcnicky_arrival_gap_in_the_tavern_cellar, layout_rooms,
          dreamdust_princess_corridor, grunt_decor_cap, grunt_decor_one_mirror,
          fountainhead, nicolae_shop_vocational
D:2:      layout_rooms, nicolae_ecumenical_oubliette, wad_orctagon
D:3:      layout_rooms

Skill      XL: |  1  2  3 |
---------------+----------+-----
Armour         | 4 |  4.2
Fighting       | 4 |  4.1
Axes           | 3 |  3.3
Dodging        | |  0.2
Shields        | |  3.5

Action                     || total
---------------------------++-------
  Melee: War axe           ||   135
 Armour: Scale mail        ||    57
  Dodge: Dodged            ||    58
  Block: Buckler           ||    26
